General information
- name: BNet
- type: Ladder team game (AT/RT)
- host: Battle.net
- saver: lI1lIl1IlIlIIl1
map: MarketSquare
- players: 8
- length: 58:59
- speed: Fast
- version: 1.26 W3XP
- replay type: Public
» download(320 KB)
Players
team 1 (winner)

»
J4m4ic4n (
green | 26 APM | 1214 actions | 47:11)
6 Archmage
3 Blizzard
2 Brilliance Aura
1 Mass Teleport
4 Blood Mage
2 Flame Strike
2 Siphon Mana
» actions
| Assign group hotkey | 29 | |
| Basic commands | 77 | |
| Build / train | 55 | |
| Enter build submenu | 25 | |
| Enter hero's abilities submenu | 10 | |
| Remove unit from queue | 2 | |
| Right click | 242 | |
| Select / deselect | 473 | |
| Select group hotkey | 232 | |
| Use ability | 69 | |
1214 total
» units
| Peasant | 10 | |
| Footman | 2 | |
| Rifleman | 7 | |
| Priest | 4 | |
| Spell Breaker | 5 | |
28 total
» upgrades
| Defend | 1 | |
| Gunpowder | 3 | |
| Long Rifles | 1 | |
| Priest Training | 2 | |
| Armor | 1 | |
8 total
» buildings
| Altar of Kings | 2 | |
| Farm | 11 | |
| Barracks | 3 | |
| Lumber Mill | 1 | |
| Blacksmith | 1 | |
| Keep | 1 | |
| Arcane Vault | 1 | |
| Castle | 1 | |
| Arcane Sanctum | 2 | |
| Town Hall | 2 | |
25 total
» build order
00:13 Altar of Kings
00:23 Farm
00:32 Barracks
00:36 Barracks
00:49 Lumber Mill
01:08 Farm
01:58 Farm
02:09 Barracks
02:37 Farm
03:24 Blacksmith
04:03 Keep
04:23 Farm
04:44 Farm
05:32 Arcane Vault
06:40 Castle
06:45 Arcane Sanctum
08:46 Farm
08:50 Farm
09:30 Arcane Sanctum
13:54 Farm
13:58 Town Hall
16:33 Farm
20:23 Altar of Kings
20:43 Farm
21:17 Town Hall
» items
| Scroll of Regeneration | 2 | |
| Scroll of Town Portal | 1 | |
3 total
xdeathmaskx (
yellow | 95 APM | 2223 actions | 23:23)
8 Far Seer
3 Feral Spirit
3 Chain Lighting
1 Earth Quake
1 Far Sight
» actions
| Assign group hotkey | 67 | |
| Basic commands | 137 | |
| Build / train | 127 | |
| Enter build submenu | 13 | |
| Enter hero's abilities submenu | 8 | |
| Give item / drop item | 2 | |
| Right click | 804 | |
| Select / deselect | 360 | |
| Select group hotkey | 409 | |
| Use ability | 296 | |
2223 total
» units
» upgrades
| Berserker Strength | 1 | |
| Ensnare | 1 | |
| Pillage | 1 | |
| Spiked Barricades | 1 | |
| Melee Weapons | 2 | |
6 total
» buildings
| Altar of Storms | 2 | |
| Orc Burrow | 4 | |
| Barracks | 1 | |
| Voodoo Lounge | 1 | |
| Stronghold | 1 | |
| Beastiary | 2 | |
| War Mill | 1 | |
| Great Hall | 2 | |
14 total
» build order
00:06 Altar of Storms
00:16 Orc Burrow
00:39 Barracks
01:27 Orc Burrow
01:55 Voodoo Lounge
03:01 Stronghold
03:28 Orc Burrow
05:40 Beastiary
05:44 Beastiary
07:13 Orc Burrow
07:16 War Mill
22:16 Altar of Storms
22:21 Great Hall
22:27 Great Hall
» items
| Healing Salve | 8 | |
| Scroll of Speed | 3 | |
| Lesser Clarity Potion | 3 | |
| Scroll of Town Portal | 1 | |
| Potion of Mana | 2 | |
| Potion of Lesser Invulnerability | 1 | |
| Dust of Appearance | 1 | |
19 total
lI1lIl1IlIlIIl1 (
pink | 57 APM | 3340 actions | 58:59)
9 Archmage
3 Summon Water Elemental
3 Brilliance Aura
1 Mass Teleport
2 Blizzard
1 Goblin Tinker
1 Engineering Upgrade
1 Dark Ranger
1 Black Arrow
» actions
| Assign group hotkey | 259 | |
| Basic commands | 244 | |
| Build / train | 175 | |
| ESC pressed | 3 | |
| Enter build submenu | 71 | |
| Enter hero's abilities submenu | 11 | |
| Give item / drop item | 7 | |
| Remove unit from queue | 3 | |
| Right click | 1098 | |
| Select / deselect | 824 | |
| Select group hotkey | 494 | |
| Use ability | 151 | |
3340 total
» units
| Peasant | 12 | |
| Footman | 11 | |
| Mortar Team | 5 | |
| Siege Engine | 6 | |
| Knight | 10 | |
44 total
» upgrades
| Swords | 3 | |
| Masonry | 3 | |
| Gunpowder | 3 | |
| Lumber Harvesting | 2 | |
| Animal War Training | 1 | |
| Barrage | 1 | |
| Plating | 3 | |
| Armor | 3 | |
| Fragmentation Shards | 1 | |
| Flare | 1 | |
| Magic Sentry | 1 | |
| Backpack | 1 | |
| Flak Cannons | 1 | |
| Flying Machine Bombs | 1 | |
| Long Rifles | 1 | |
| Defend | 1 | |
| Sorceress Training | 2 | |
| Priest Training | 2 | |
| Control Magic | 1 | |
32 total
» buildings
| Altar of Kings | 1 | |
| Barracks | 1 | |
| Farm | 9 | |
| Scout Tower | 52 | |
| Arcane Tower | 2 | |
| Keep | 2 | |
| Lumber Mill | 1 | |
| Blacksmith | 1 | |
| Arcane Vault | 1 | |
| Gryphon Aviary | 2 | |
| Workshop | 2 | |
| Castle | 2 | |
| Town Hall | 2 | |
| Guard Tower | 53 | |
| Cannon Tower | 1 | |
| Arcane Sanctum | 2 | |
134 total
» build order
00:07 Altar of Kings
00:09 Barracks
00:36 Farm
01:30 Farm
01:56 Farm
02:03 Scout Tower
02:06 Scout Tower
02:35 Arcane Tower
03:06 Farm
04:18 Keep
04:30 Lumber Mill
04:33 Blacksmith
04:39 Arcane Vault
06:40 Gryphon Aviary
06:41 Gryphon Aviary
07:23 Workshop
07:28 Castle
07:29 Castle
07:31 Workshop
10:20 Farm
10:25 Farm
12:04 Farm
12:06 Farm
12:57 Town Hall
13:00 Scout Tower
16:15 Guard Tower
17:37 Scout Tower
17:39 Scout Tower
17:39 Scout Tower
17:40 Scout Tower
20:14 Farm
21:28 Guard Tower
25:39 Scout Tower
25:40 Scout Tower
25:42 Scout Tower
27:30 Cannon Tower
27:31 Arcane Tower
27:32 Guard Tower
27:36 Arcane Sanctum
28:07 Scout Tower
28:08 Scout Tower
28:10 Scout Tower
28:11 Scout Tower
29:19 Guard Tower
29:20 Guard Tower
29:41 Guard Tower
29:41 Guard Tower
29:43 Guard Tower
29:43 Guard Tower
29:59 Guard Tower
30:00 Guard Tower
30:00 Guard Tower
30:06 Scout Tower
30:09 Scout Tower
30:34 Guard Tower
30:38 Scout Tower
30:59 Guard Tower
30:59 Guard Tower
30:59 Guard Tower
31:25 Guard Tower
40:19 Scout Tower
40:20 Scout Tower
40:20 Scout Tower
40:20 Scout Tower
40:21 Scout Tower
40:22 Scout Tower
40:23 Scout Tower
40:24 Scout Tower
40:29 Scout Tower
40:41 Scout Tower
40:43 Scout Tower
40:44 Scout Tower
40:50 Guard Tower
40:51 Guard Tower
40:51 Guard Tower
40:52 Guard Tower
40:57 Guard Tower
40:57 Guard Tower
40:59 Guard Tower
40:59 Guard Tower
41:02 Scout Tower
41:03 Scout Tower
41:05 Guard Tower
41:05 Guard Tower
41:27 Guard Tower
41:27 Guard Tower
41:30 Scout Tower
41:31 Scout Tower
41:37 Scout Tower
41:41 Scout Tower
43:27 Guard Tower
43:27 Guard Tower
43:27 Guard Tower
43:31 Scout Tower
43:32 Scout Tower
43:34 Scout Tower
43:35 Scout Tower
43:59 Guard Tower
44:03 Scout Tower
44:09 Guard Tower
44:12 Scout Tower
44:14 Scout Tower
44:17 Scout Tower
44:19 Guard Tower
44:50 Guard Tower
44:55 Guard Tower
44:55 Guard Tower
45:35 Town Hall
45:53 Scout Tower
45:54 Scout Tower
45:57 Scout Tower
46:00 Scout Tower
46:48 Guard Tower
46:48 Guard Tower
46:49 Guard Tower
48:55 Scout Tower
48:56 Scout Tower
48:59 Scout Tower
49:19 Scout Tower
49:19 Scout Tower
50:05 Guard Tower
50:05 Guard Tower
50:08 Arcane Sanctum
» items
| Staff of Teleportation | 1 | |
| Boots of Speed | 1 | |
| Scroll of Regeneration | 9 | |
| Orb of Fire | 1 | |
| Scroll of Town Portal | 3 | |
| Potion of Healing | 4 | |
19 total

»
panic-attacker (
orange | 20 APM | 1151 actions | 58:58)
6 Tauren Chieftain
3 Endurance Aura
2 War Stomp
1 Reincarnation
3 Shadow Hunter
2 Hex
1 Healing Wave
» actions
| Assign group hotkey | 13 | |
| Basic commands | 3 | |
| Build / train | 57 | |
| Enter build submenu | 39 | |
| Enter hero's abilities submenu | 9 | |
| Right click | 344 | |
| Select / deselect | 340 | |
| Select group hotkey | 264 | |
| Use ability | 82 | |
1151 total
» units
» upgrades
| Pillage | 1 | |
| Armor | 3 | |
| Berserker Strength | 1 | |
| Envenomed Spears | 1 | |
| Reinforced Defenses | 1 | |
7 total
» buildings
| Altar of Storms | 2 | |
| Orc Burrow | 8 | |
| Barracks | 1 | |
| Voodoo Lounge | 1 | |
| War Mill | 1 | |
| Great Hall | 2 | |
| Stronghold | 1 | |
| Beastiary | 2 | |
| Fortress | 1 | |
| Watch Tower | 22 | |
41 total
» build order
00:06 Altar of Storms
00:11 Orc Burrow
01:12 Barracks
01:32 Orc Burrow
02:21 Voodoo Lounge
02:32 Orc Burrow
03:44 Orc Burrow
03:54 War Mill
04:48 Orc Burrow
06:02 Great Hall
06:27 Orc Burrow
06:59 Stronghold
08:41 Orc Burrow
09:21 Beastiary
09:24 Beastiary
09:26 Fortress
17:15 Orc Burrow
18:46 Great Hall
20:19 Altar of Storms
25:22 Watch Tower
25:27 Watch Tower
25:33 Watch Tower
25:37 Watch Tower
25:44 Watch Tower
25:50 Watch Tower
26:37 Watch Tower
26:50 Watch Tower
26:54 Watch Tower
26:58 Watch Tower
27:02 Watch Tower
27:06 Watch Tower
27:31 Watch Tower
27:58 Watch Tower
28:02 Watch Tower
28:37 Watch Tower
28:44 Watch Tower
28:49 Watch Tower
29:05 Watch Tower
29:25 Watch Tower
29:30 Watch Tower
30:25 Watch Tower
» items
| Healing Salve | 2 | |
| Scroll of Speed | 1 | |
3 total
team 2 (loser)

»
CrAzYmOfO69 (
teal | 64 APM | 1960 actions | 30:46)
9 Crypt Lord
3 Impale
3 Spiked Carapace
1 Locust Swarm
2 Carrion Beetles
» actions
| Assign group hotkey | 26 | |
| Basic commands | 34 | |
| Build / train | 94 | |
| Enter build submenu | 17 | |
| Enter hero's abilities submenu | 9 | |
| Remove unit from queue | 4 | |
| Right click | 986 | |
| Select / deselect | 374 | |
| Select group hotkey | 330 | |
| Use ability | 86 | |
1960 total
» units
| Acolyte | 7 | |
| Ghoul | 3 | |
| Crypt Fiend | 16 | |
| Obsidian Statue | 2 | |
| Abomination | 13 | |
| Gargoyle | 2 | |
43 total
» upgrades
| Creature Attack | 2 | |
| Web | 1 | |
| Burrow | 1 | |
| Creature Carapace | 2 | |
| Destroyer Form | 0 | |
| Disease Cloud | 1 | |
| Unholy Armor | 2 | |
| Cannibalize | 1 | |
| Unholy Strength | 2 | |
12 total
» buildings
| Ziggurat | 6 | |
| Altar of Darkness | 1 | |
| Crypt | 3 | |
| Graveyard | 2 | |
| Tomb of Relics | 1 | |
| Nerubian Tower | 1 | |
| Halls of the Dead | 1 | |
| Slaughterhouse | 2 | |
| Black Citadel | 1 | |
18 total
» build order
00:10 Ziggurat
00:12 Altar of Darkness
00:36 Crypt
00:45 Crypt
00:59 Crypt
01:22 Graveyard
01:33 Graveyard
01:43 Ziggurat
02:30 Tomb of Relics
02:39 Nerubian Tower
04:37 Ziggurat
05:04 Halls of the Dead
07:15 Ziggurat
07:21 Ziggurat
07:23 Ziggurat
08:46 Slaughterhouse
10:29 Black Citadel
21:14 Slaughterhouse
» items
| Rod of Necromancy | 2 | |
| Lesser Clarity Potion | 4 | |
| Scroll of Town Portal | 5 | |
| Potion of Healing | 2 | |
| Potion of Mana | 1 | |
| Anti-magic Potion | 1 | |
| Scroll of Protection | 1 | |
| Scroll of Regeneration | 1 | |
17 total

»
ThSaggiestBalls (
purple | 41 APM | 2174 actions | 53:25)
6 Goblin Alchemist
3 Acid Bomb
2 Healing Spray
1 Transmute
» actions
| Assign group hotkey | 68 | |
| Basic commands | 158 | |
| Build / train | 178 | |
| Enter build submenu | 53 | |
| Enter hero's abilities submenu | 6 | |
| Give item / drop item | 1 | |
| Remove unit from queue | 11 | |
| Right click | 899 | |
| Select / deselect | 528 | |
| Select group hotkey | 107 | |
| Use ability | 164 | |
2174 total
» units
| Wisp | 87 | |
| Archer | 8 | |
| Huntress | 10 | |
| Druid of the Talon | 6 | |
| Hippogryph | 15 | |
| Dryad | 5 | |
| Mountain Giant | 1 | |
| Glaive Thrower | 3 | |
135 total
» upgrades
| Moon Armor | 1 | |
| Strength of the Moon | 2 | |
| Strength of the Wild | 1 | |
| Reinforced Hides | 2 | |
| Upgrade Moon Glaive | 1 | |
| Druid of the Talon Training | 2 | |
| Mark of the Talon | 1 | |
| Ultravision | 1 | |
| Vorpal Blades | 1 | |
12 total
» buildings
| Altar of Elders | 1 | |
| Moon Well | 17 | |
| Ancient of War | 11 | |
| Hunter's Hall | 1 | |
| Ancient of Wonders | 8 | |
| Tree of Ages | 3 | |
| Ancient Protector | 17 | |
| Tree of Eternity | 1 | |
| Ancient of Wind | 5 | |
| Tree of Life | 12 | |
| Ancient of Lore | 2 | |
78 total
» build order
00:19 Altar of Elders
00:33 Moon Well
01:12 Ancient of War
01:37 Ancient of War
02:02 Moon Well
02:59 Hunter's Hall
03:33 Moon Well
03:59 Ancient of Wonders
04:53 Moon Well
07:08 Tree of Ages
09:28 Ancient Protector
09:30 Ancient Protector
09:31 Ancient Protector
09:35 Tree of Eternity
09:47 Ancient of Wind
09:48 Ancient of Wind
09:50 Ancient of Wind
09:55 Ancient of Wind
10:47 Ancient of Wind
11:13 Tree of Life
17:04 Ancient Protector
17:08 Ancient Protector
17:11 Ancient Protector
17:13 Ancient Protector
17:17 Ancient Protector
17:19 Ancient Protector
17:19 Ancient Protector
17:20 Ancient Protector
18:24 Ancient of Lore
18:27 Ancient of Lore
22:01 Tree of Life
22:31 Moon Well
22:32 Moon Well
22:33 Moon Well
30:10 Tree of Life
30:15 Tree of Life
30:55 Tree of Life
32:21 Tree of Life
32:59 Tree of Life
35:24 Ancient of War
35:31 Ancient of Wonders
37:17 Ancient Protector
38:47 Moon Well
38:52 Moon Well
39:31 Ancient of War
40:14 Tree of Ages
40:28 Ancient Protector
40:54 Tree of Life
41:31 Tree of Life
47:12 Ancient of War
47:53 Moon Well
47:54 Moon Well
47:54 Moon Well
47:55 Moon Well
47:55 Moon Well
47:55 Moon Well
47:56 Moon Well
47:59 Tree of Life
48:01 Ancient Protector
48:02 Ancient Protector
48:06 Ancient Protector
48:21 Ancient of War
48:22 Ancient of War
48:24 Ancient of War
48:25 Ancient of War
48:27 Ancient of War
48:31 Ancient of Wonders
48:33 Ancient of Wonders
49:15 Tree of Life
49:20 Tree of Life
52:20 Ancient of War
52:23 Ancient of Wonders
52:29 Ancient of Wonders
52:30 Ancient of Wonders
52:33 Ancient of Wonders
» items
| Periapt of Vitality | 1 | |
| Scroll of Town Portal | 1 | |
2 total
black5230 (
blue | 38 APM | 1956 actions | 51:44)
4 Lich
2 Frost Nova
2 Frost Armor
1 Death Knight
1 Death Coil
» actions
| Basic commands | 12 | |
| Build / train | 82 | |
| Enter build submenu | 41 | |
| Enter hero's abilities submenu | 5 | |
| Remove unit from queue | 2 | |
| Right click | 734 | |
| Select / deselect | 970 | |
| Use ability | 110 | |
1956 total
» units
| Acolyte | 15 | |
| Ghoul | 17 | |
| Obsidian Statue | 7 | |
| Abomination | 2 | |
| Gargoyle | 10 | |
51 total
» upgrades
| Unholy Armor | 1 | |
| Unholy Strength | 1 | |
| Creature Attack | 2 | |
| Creature Carapace | 3 | |
| Destroyer Form | 1 | |
8 total
» buildings
| Ziggurat | 15 | |
| Crypt | 2 | |
| Altar of Darkness | 2 | |
| Graveyard | 2 | |
| Nerubian Tower | 2 | |
| Tomb of Relics | 2 | |
| Halls of the Dead | 3 | |
| Spirit Tower | 4 | |
| Slaughterhouse | 2 | |
| Temple of the Damned | 1 | |
| Sacrificial Pit | 1 | |
| Black Citadel | 2 | |
| Necropolis | 2 | |
40 total
» build order
00:09 Ziggurat
00:13 Crypt
00:37 Altar of Darkness
01:08 Graveyard
01:47 Ziggurat
01:56 Nerubian Tower
02:48 Tomb of Relics
03:59 Ziggurat
06:38 Halls of the Dead
07:09 Ziggurat
07:12 Ziggurat
07:14 Spirit Tower
08:21 Ziggurat
09:09 Slaughterhouse
09:12 Temple of the Damned
09:46 Sacrificial Pit
10:09 Black Citadel
12:37 Slaughterhouse
21:36 Necropolis
21:40 Altar of Darkness
21:42 Ziggurat
25:16 Crypt
25:18 Ziggurat
25:27 Ziggurat
26:01 Halls of the Dead
27:57 Ziggurat
28:01 Tomb of Relics
28:53 Graveyard
28:58 Ziggurat
29:03 Black Citadel
29:41 Nerubian Tower
35:13 Necropolis
38:49 Halls of the Dead
39:05 Spirit Tower
39:11 Ziggurat
40:24 Ziggurat
40:29 Ziggurat
41:28 Spirit Tower
41:30 Spirit Tower
43:51 Ziggurat
» items
| Rod of Necromancy | 1 | |
| Potion of Healing | 1 | |
| Scroll of Town Portal | 1 | |
3 total
BIGGESTLOSER. (
red | 51 APM | 2997 actions | 58:58)
9 Mountain King
3 Storm Bolt
3 Bash
1 Avatar
2 Thunder Clap
» actions
| Assign group hotkey | 55 | |
| Basic commands | 123 | |
| Build / train | 98 | |
| Enter build submenu | 26 | |
| Enter hero's abilities submenu | 9 | |
| Give item / drop item | 5 | |
| Remove unit from queue | 2 | |
| Right click | 1279 | |
| Select / deselect | 345 | |
| Select group hotkey | 928 | |
| Use ability | 126 | |
2997 total
» units
| Peasant | 26 | |
| Footman | 7 | |
| Gryphon Rider | 17 | |
| Dragonhawk Rider | 3 | |
53 total
» upgrades
| Animal War Training | 1 | |
| Lumber Harvesting | 1 | |
| Masonry | 1 | |
| Swords | 3 | |
| Armor | 3 | |
| Storm Hammers | 1 | |
| Cloud | 1 | |
11 total
» buildings
| Altar of Kings | 1 | |
| Barracks | 1 | |
| Farm | 15 | |
| Arcane Vault | 1 | |
| Scout Tower | 4 | |
| Arcane Tower | 1 | |
| Keep | 1 | |
| Lumber Mill | 1 | |
| Blacksmith | 2 | |
| Castle | 2 | |
| Guard Tower | 2 | |
| Gryphon Aviary | 2 | |
| Town Hall | 6 | |
| Ancient of Lore | 1 | |
40 total
» build order
00:10 Altar of Kings
00:22 Barracks
00:36 Farm
00:52 Farm
01:29 Farm
01:49 Arcane Vault
01:58 Scout Tower
02:32 Arcane Tower
03:10 Farm
03:51 Keep
03:56 Scout Tower
03:57 Scout Tower
03:58 Scout Tower
05:03 Lumber Mill
05:15 Blacksmith
06:22 Castle
06:22 Castle
06:45 Guard Tower
06:45 Guard Tower
08:18 Gryphon Aviary
08:23 Gryphon Aviary
08:26 Farm
08:27 Farm
08:28 Farm
08:30 Farm
08:37 Farm
08:37 Farm
08:38 Farm
08:39 Farm
10:35 Farm
10:37 Farm
10:37 Farm
11:45 Town Hall
24:59 Town Hall
30:46 Town Hall
32:15 Blacksmith
53:10 Town Hall
56:12 Town Hall
56:15 Town Hall
57:05 Ancient of Lore
» items
| Scroll of Regeneration | 5 | |
| Potion of Mana | 2 | |
| Scroll of Town Portal | 4 | |
| Lesser Clarity Potion | 1 | |
| Potion of Lesser Invulnerability | 2 | |
| Scroll of Healing | 1 | |
| Staff of Teleportation | 1 | |
16 total
Chat log
(00:59 / All) BIGGESTLOSER.: COCK
(01:00 / All) BIGGESTLOSER.: BALLS
(01:06 / All) lI1lIl1IlIlIIl1: BALLZACK
(02:22 / All) BIGGESTLOSER.: where u at nigga whisper me
(09:52 / Allies) panic-attacker: expand dudes
(11:05 / Allies) panic-attacker: need ehlp
(17:38 / Allies) panic-attacker: good work gents
(17:40 / Allies) panic-attacker: we got him
(18:08 / Allies) panic-attacker: hey pink
(18:13 / Allies) panic-attacker: why so serious?
(21:12 / Allies) panic-attacker: p[ink has hemroids
(21:20 / All) lI1lIl1IlIlIIl1: pink has hemroids - oj
(21:40 / Allies) J4m4ic4n: pink has aids
(21:49 / All) lI1lIl1IlIlIIl1: pink has aids - green
(21:58 / Allies) panic-attacker: ?
(23:05 / All) BIGGESTLOSER.: fucking raped
(23:10 / All) lI1lIl1IlIlIIl1: you idiots lost
(23:14 / All) lI1lIl1IlIlIIl1: leave, oj and green and yellow
(23:26 / All) lI1lIl1IlIlIIl1: good
(23:30 / All) lI1lIl1IlIlIIl1: now you two faggots leave
(23:34 / Allies) J4m4ic4n: nah
(23:37 / Allies) J4m4ic4n: wanna watch you get raped
(23:38 / All) lI1lIl1IlIlIIl1: nah - green
(23:38 / Allies) J4m4ic4n: pussy
(23:42 / All) panic-attacker: good thing we had a backstabber on our team
(23:42 / All) lI1lIl1IlIlIIl1: red is on my side green
(23:45 / All) lI1lIl1IlIlIIl1: he is my friend
(23:49 / All) lI1lIl1IlIlIIl1: stfu, you have no chance
(23:56 / Allies) J4m4ic4n: hes gonna stop the rest of his team from killing you?
(23:58 / Allies) J4m4ic4n: lets see
(24:02 / Allies) lI1lIl1IlIlIIl1: LOL
(24:13 / All) BIGGESTLOSER.: gold plz
(24:14 / Allies) lI1lIl1IlIlIIl1: he is stabbing his team moron
(24:22 / Allies) J4m4ic4n: sure
(24:31 / All) panic-attacker: i say you tower
(24:36 / All) BIGGESTLOSER.: get back
(24:45 / All) BIGGESTLOSER.: back off pink
(25:02 / All) panic-attacker: homies got a crutch
(25:38 / Allies) J4m4ic4n: i'm gonna go play facebook hold em
(25:41 / Allies) J4m4ic4n: gl being gay pink
(25:43 / Allies) lI1lIl1IlIlIIl1: ty
(25:54 / All) panic-attacker: naughty by nature
(26:11 / All) ThSaggiestBalls: ITS A DOUBLE DOUBLE CROSS
(26:22 / All) BIGGESTLOSER.: i said dont hit him
(26:37 / All) lI1lIl1IlIlIIl1: yellow had income
(26:40 / All) lI1lIl1IlIlIIl1: i cannot allow that
(26:44 / All) CrAzYmOfO69: lol
(26:48 / All) BIGGESTLOSER.: let mkill ur winds real quick
(26:49 / All) ThSaggiestBalls: of course not
(26:57 / All) lI1lIl1IlIlIIl1: oj is towering up
(27:02 / All) lI1lIl1IlIlIIl1: he doesn't realise I have siege I guess
(27:03 / All) lI1lIl1IlIlIIl1: moron
(27:44 / All) BIGGESTLOSER.: ill sotp
(27:46 / All) BIGGESTLOSER.: teal
(28:14 / All) panic-attacker: wow, you cats are soooooooooo kewl
(28:18 / All) lI1lIl1IlIlIIl1: ty
(28:27 / All) lI1lIl1IlIlIIl1: if only you could be like us
(28:30 / All) panic-attacker: children will say, "i wanna be just like him ma"
(28:37 / All) lI1lIl1IlIlIIl1: i know
(29:47 / All) lI1lIl1IlIlIIl1: gj purp
(29:51 / All) ThSaggiestBalls: thx
(29:51 / All) lI1lIl1IlIlIIl1: self-owned
(29:52 / All) BIGGESTLOSER.: and u live
(29:57 / All) BIGGESTLOSER.: GIVE ME UR GOLD BLUE
(29:58 / All) BIGGESTLOSER.: AND U LIVE
(30:00 / All) ThSaggiestBalls: i thought a headlong charge would be best
(30:18 / All) panic-attacker: knew these towers would come in handy!
(30:19 / All) CrAzYmOfO69: this game had turned into tk'ers
(30:34 / All) panic-attacker: welcome to battlenet..
(30:35 / All) ThSaggiestBalls: that's a hell of a base oj
(30:51 / All) lI1lIl1IlIlIIl1: i could rape oj
(30:52 / All) panic-attacker: come at me brah
(31:00 / All) BIGGESTLOSER.: OK ILL SOTP PURP
(31:02 / All) panic-attacker: nopt you teammate
(31:06 / All) BIGGESTLOSER.: UR SAFE PURPLE
(31:07 / All) panic-attacker: you the enemy
(31:09 / All) lI1lIl1IlIlIIl1: any xpos to worry about?
(31:12 / All) BIGGESTLOSER.: LETS KILL ORANGE
(31:14 / All) panic-attacker: who has become a teammate
(31:24 / All) panic-attacker: i shall defeat all my foes!!
(31:33 / All) BIGGESTLOSER.: blue why u upset at me
(31:33 / All) panic-attacker: mighty eye of sauron
(31:49 / All) BIGGESTLOSER.: not pink
(31:52 / All) BIGGESTLOSER.: oj is a threat
(32:29 / All) panic-attacker: wow pretty lame teammate
(32:33 / All) BIGGESTLOSER.: orange
(32:35 / All) BIGGESTLOSER.: i stabbed my team
(32:37 / All) BIGGESTLOSER.: its fair
(32:38 / All) BIGGESTLOSER.: nigger
(32:42 / All) ThSaggiestBalls: he did
(32:46 / All) ThSaggiestBalls: my base is destroy
(32:53 / All) lI1lIl1IlIlIIl1: wtf, mortars are missing
(33:02 / All) panic-attacker: why you gotta bring the n-word into this
(33:08 / All) BIGGESTLOSER.: only one expo purple
(33:08 / All) lI1lIl1IlIlIIl1: stfu nigger
(33:25 / All) panic-attacker: somebodys racist..
(33:30 / All) lI1lIl1IlIlIIl1: my negro
(33:30 / All) BIGGESTLOSER.: just one expo purple
(33:36 / All) lI1lIl1IlIlIIl1: finishing off oj's base
(33:45 / All) lI1lIl1IlIlIIl1: wtf
(33:50 / All) lI1lIl1IlIlIIl1: saggyballs is at green trying to xpo
(34:00 / All) ThSaggiestBalls: ;)
(34:01 / All) BIGGESTLOSER.: i know
(34:06 / All) BIGGESTLOSER.: i told him he could keep one expo
(34:11 / All) ThSaggiestBalls: JUST NOW
(34:16 / All) BIGGESTLOSER.: let him have greens mine
(34:17 / All) BIGGESTLOSER.: k?
(34:21 / All) lI1lIl1IlIlIIl1: k
(34:31 / All) BIGGESTLOSER.: my nigger griffs are ur base
(34:33 / All) panic-attacker: you all have god complexes, i suggest aggressive therapy stat
(34:37 / All) lI1lIl1IlIlIIl1: wtf
(34:41 / All) lI1lIl1IlIlIIl1: dont kill to towers
(34:44 / All) ThSaggiestBalls: yo pink
(34:48 / All) ThSaggiestBalls: keep yo bitch under control over here
(34:53 / All) lI1lIl1IlIlIIl1: no
(35:12 / All) lI1lIl1IlIlIIl1: ty for xp red
(35:23 / All) lI1lIl1IlIlIIl1: almost level 7
(35:38 / All) lI1lIl1IlIlIIl1: I have 8k gold
(35:44 / All) lI1lIl1IlIlIIl1: don't ever have this happen
(35:53 / All) panic-attacker: im betting your mother didn't love you enough..
(35:59 / All) panic-attacker: or too much
(36:01 / All) BIGGESTLOSER.: thats what happens when u got an expo with towers
(36:16 / All) lI1lIl1IlIlIIl1: didn't your mom teach you not to build towers?
(36:18 / All) BIGGESTLOSER.: coming
(36:34 / All) BIGGESTLOSER.: an
(36:35 / All) BIGGESTLOSER.: man
(36:37 / All) BIGGESTLOSER.: blue has no clue
(36:39 / All) BIGGESTLOSER.: what is happening
(36:43 / All) lI1lIl1IlIlIIl1: I am about to get all upgrades
(36:54 / All) panic-attacker: want a gold star?
(37:16 / All) lI1lIl1IlIlIIl1: nice peons
(37:17 / All) lI1lIl1IlIlIIl1: pro
(37:45 / All) lI1lIl1IlIlIIl1: only lost 2 knights
(37:47 / All) lI1lIl1IlIlIIl1: ty for xp
(37:56 / All) BIGGESTLOSER.: ur pretty good with knights tanks
(38:06 / All) lI1lIl1IlIlIIl1: haven't tried this strat before
(38:15 / All) lI1lIl1IlIlIIl1: it seems really good, mortar/tank/knight
(38:20 / All) panic-attacker: but but...
(38:24 / All) panic-attacker: my warrior peons
(38:33 / All) panic-attacker: have fallen in battle
(38:39 / All) lI1lIl1IlIlIIl1: ouch
(39:08 / All) panic-attacker: whose to say whom is mortal in this cruel world?
(39:12 / All) BIGGESTLOSER.: lawl
(39:37 / All) BIGGESTLOSER.: purple
(39:40 / All) BIGGESTLOSER.: rez ur alchemist
(39:41 / All) BIGGESTLOSER.: u nigger
(39:46 / All) ThSaggiestBalls: im so poor
(39:54 / All) panic-attacker: racism isnt that funny..
(39:58 / All) lI1lIl1IlIlIIl1: I would give you gold, but I am on the other team
(39:59 / All) lI1lIl1IlIlIIl1: yes it is oj
(40:11 / All) BIGGESTLOSER.: orange this is bnet racism and 4v4 go hand and hand
(40:12 / All) panic-attacker: he keeps bringing itup..
(40:29 / All) panic-attacker: impolite and unwarranted
(40:46 / All) lI1lIl1IlIlIIl1: like you as a baby
(41:03 / All) panic-attacker: that would be infantile and you can do better than that bro
(41:19 / All) lI1lIl1IlIlIIl1: yes, your birth certificate was an apology letter from the abortion clinic, oj
(41:39 / All) panic-attacker: ummmm, context?
(41:46 / All) panic-attacker: what town was i born?
(41:48 / All) lI1lIl1IlIlIIl1: it has plenty
(41:53 / All) lI1lIl1IlIlIIl1: you were born on maplestreet
(42:08 / All) panic-attacker: wrong! red oak but go on
(42:23 / All) panic-attacker: who was my father in this situation?
(42:30 / All) lI1lIl1IlIlIIl1: me
(42:33 / All) panic-attacker: shall we call him vader?
(42:41 / All) panic-attacker: what is the motive?
(42:42 / All) lI1lIl1IlIlIIl1: darth vader
(43:01 / All) lI1lIl1IlIlIIl1: I didn't lose 1 unit there
(43:16 / All) panic-attacker: you're slipping in your old age, pa
(43:26 / All) BIGGESTLOSER.: try to hit again ill let teal feed u
(43:42 / All) lI1lIl1IlIlIIl1: sec
(43:44 / All) lI1lIl1IlIlIIl1: repairing my shit
(43:58 / All) panic-attacker: more towers homes
(44:04 / All) lI1lIl1IlIlIIl1: of course
(44:19 / All) BIGGESTLOSER.: god dammit purple
(44:20 / All) panic-attacker: sorry i meant holmes
(44:22 / All) BIGGESTLOSER.: i said one expo
(44:44 / All) BIGGESTLOSER.: you are very courageous
(45:02 / All) panic-attacker: his name is ron swanson
(45:08 / All) BIGGESTLOSER.: fine ill leave it
(45:17 / All) lI1lIl1IlIlIIl1: k, where are you feeding me?
(45:22 / All) lI1lIl1IlIlIIl1: why are you leaving
(45:59 / All) BIGGESTLOSER.: purp
(46:02 / All) BIGGESTLOSER.: wuw for that mask of death
(46:02 / All) BIGGESTLOSER.: i
(46:11 / All) lI1lIl1IlIlIIl1: you killed a knight
(46:13 / All) lI1lIl1IlIlIIl1: god damn
(46:14 / All) panic-attacker: ask for a ferris wheel
(46:25 / All) panic-attacker: no no, a jetpack!
(47:18 / All) lI1lIl1IlIlIIl1: killed the claws by mistake
(47:20 / All) lI1lIl1IlIlIIl1: damn mortars
(47:43 / All) panic-attacker: never speak of the team in that tone
(47:48 / All) lI1lIl1IlIlIIl1: level 10 archmage
(48:15 / All) panic-attacker: get another hero?
(48:27 / All) lI1lIl1IlIlIIl1: Do not tell me what to do.
(48:30 / All) BIGGESTLOSER.: only one mine purple
(48:34 / All) lI1lIl1IlIlIIl1: It would not be level 10.
(48:35 / All) BIGGESTLOSER.: be a good boy
(48:52 / All) panic-attacker: simply a suggestion, not like I'm your father Vader or anything..
(49:06 / All) lI1lIl1IlIlIIl1: I said I am your father, fool
(49:08 / All) lI1lIl1IlIlIIl1: shut your whore mouth
(49:15 / All) BIGGESTLOSER.: purple
(49:17 / All) BIGGESTLOSER.: lets kill his gargs
(49:22 / All) panic-attacker: guessing you don't read much..
(50:21 / All) panic-attacker: bastards
(50:42 / All) panic-attacker: ballistas
(50:46 / All) black5230: YES THEY
(50:50 / All) black5230: STUPIDS
(51:04 / All) panic-attacker: pro source
(51:04 / All) BIGGESTLOSER.: apologize blue
(51:05 / All) BIGGESTLOSER.: right now
(51:22 / All) panic-attacker: make him eat the cat poop
(51:29 / All) lI1lIl1IlIlIIl1: purple, please apologise
(51:33 / All) lI1lIl1IlIlIIl1: I let you live, and you do this?
(51:36 / All) lI1lIl1IlIlIIl1: so rude
(51:41 / All) BIGGESTLOSER.: get 2nd hero nigger
(51:42 / All) ThSaggiestBalls: i am sorry
(51:46 / All) panic-attacker: eat the poop!
(51:57 / All) panic-attacker: prove how sorry you are for the forum
(52:44 / All) lI1lIl1IlIlIIl1: sending a pheasant to get a second hero
(52:58 / All) panic-attacker: get that lizard one
(53:04 / All) BIGGESTLOSER.: i will let u keep one mine
(53:05 / All) lI1lIl1IlIlIIl1: the pit lord?
(53:06 / All) panic-attacker: or beastmaster
(53:08 / All) lI1lIl1IlIlIIl1: I was thinking tinker
(53:16 / All) panic-attacker: no the one with the bow and lightning
(53:21 / All) BIGGESTLOSER.: u get botton middle
(53:21 / All) panic-attacker: shes hot
(53:23 / All) ThSaggiestBalls: Gg
(53:25 / All) lI1lIl1IlIlIIl1: uh, the naga?
(53:38 / All) panic-attacker: blue breasted princess, i think so
(53:49 / All) BIGGESTLOSER.: orange loses
(53:56 / All) lI1lIl1IlIlIIl1: definitely
(54:03 / All) BIGGESTLOSER.: my team is all gone
(54:05 / All) lI1lIl1IlIlIIl1: his treachery cannot be undone
(54:07 / All) BIGGESTLOSER.: start killing ur shit
(54:12 / All) panic-attacker: no
(54:16 / All) panic-attacker: fight to the death!
(54:20 / All) lI1lIl1IlIlIIl1: Leave, oj, and make this simple for me.
(54:25 / All) lI1lIl1IlIlIIl1: Or stay, and die slowly by attrition.
(54:39 / All) panic-attacker: oh i like to watch...
(54:55 / All) lI1lIl1IlIlIIl1: Then watch and learn how to defeat a moron.
(55:07 / All) lI1lIl1IlIlIIl1: Such as yourself.
(55:28 / All) panic-attacker: i was hoping it could be a sexual kind of cinerio..
(56:07 / All) lI1lIl1IlIlIIl1: You lose, oj. Out.
(56:12 / All) lI1lIl1IlIlIIl1: GET THE FUCK OUT
(56:14 / All) lI1lIl1IlIlIIl1: GET THE FUCK OUT
(56:42 / All) panic-attacker: are you trying to get me out so you two can have ghay sex without me???
(56:53 / All) BIGGESTLOSER.: yes
(56:59 / All) lI1lIl1IlIlIIl1: Obviously.
(57:03 / All) panic-attacker: that's just not going to happen then..
(57:04 / All) lI1lIl1IlIlIIl1: Is that even a question?
(57:24 / All) panic-attacker: i will stay forever far beyond the end of this game
(57:39 / All) panic-attacker: an eternity awaits me, i will wait for you each
(57:44 / All) lI1lIl1IlIlIIl1: Far beyond the end? Do you actually click the "Continue Game" button?
(58:01 / All) BIGGESTLOSER.: has orange been talkign like this all game?
(58:09 / All) lI1lIl1IlIlIIl1: Yes.
(58:12 / All) panic-attacker: all relatives and contacts will fade and die away, but i shall stay with you
(58:21 / All) lI1lIl1IlIlIIl1: He has been very mad, in both definitions of angry *and* insane.
(58:28 / All) panic-attacker: forever more we were meant to be together
(58:34 / All) panic-attacker: can't you see?!
(58:43 / All) panic-attacker: can't you all see?!!
(58:57 / All) lI1lIl1IlIlIIl1: Goodbye, orange.